 Dungeon Crawl Stone Soup version 0.14.0-26-g1682e81 (webtiles) character file.

95812 HenryFlower the Blinker (level 15, -3/78 HPs)
             Began as a Spriggan Earth Elementalist on Apr 28, 2014.
             Was the Champion of Sif Muna.
             Killed from afar by a greater naga (15 damage)
             ... with a bolt of poison
             ... on Level 4 of the Snake Pit.
             The game lasted 02:27:46 (49386 turns).

HenryFlower the Blinker (SpEE)                     Turns: 49386, Time: 02:27:46

HP  -3/78        AC 16     Str  7      XL: 15   Next: 65%
MP   0/38        EV 30     Int 23      God: Sif Muna [******]
Gold 563         SH  0     Dex 17      Spells: 11 memorised,  2 levels left

rFire  . . .     SeeInvis +     a - +6,+9 quick blade
rCold  . . .     Clarity  .     n - +2 robe of Xeanlusm {Dex+1 Dam+4 Curse}
rNeg   . . .     Conserve .     (shield restricted)
rPois  +         rCorr    .     v - +4 hat of Trepny {+Rage}
rElec  .         rRot     .     B - +2 cloak
SustAb . .       Spirit   .     (gloves unavailable)
rMut   +         Warding  .     (boots unavailable)
Saprov . . .     Stasis   .     H - amulet of resist mutation
MR     +++..                    u - ring of poison resistance
                                f - ring of protection from magic

@: stone skin, very quick, extremely resistant to hostile enchantments, stealthy
A: unfitting armour, see invisible, herbivore 3, speed 3, sense surroundings 1,
slow metabolism 2, strong 1
a: Channel Energy, Forget Spell, Renounce Religion, Evoke Berserk Rage


You were on level 4 of the Snake Pit.
You worshipped Sif Muna.
Sif Muna was exalted by your worship.
You were full.

You visited 4 branches of the dungeon, and saw 29 of its levels.
You also visited: Volcano.

You collected 2680 gold pieces.
You spent 2117 gold pieces at shops.

Inventory:

Hand weapons
 a - a +6,+9 quick blade (weapon)
Armour
 n - the +2 robe of Xeanlusm (worn) {Dex+1 Dam+4 Curse}
   (You found it on level 7 of the Lair of Beasts)

   It affects your dexterity (+1).
   It affects your damage with ranged weapons and melee attacks (+4).
   It may recurse itself when equipped.
 v - the +4 hat of Trepny (worn) {+Rage}
   (You acquired it on level 7 of the Lair of Beasts)

   It lets you go berserk.
 B - a +2 cloak (worn)
Magical devices
 b - a wand of digging (20)
 e - a wand of teleportation (4)
 i - a wand of draining (0)
 k - a wand of fire (4)
 o - a wand of hasting (4)
 t - a wand of disintegration (4)
 w - a wand of cold (4)
 y - a wand of draining (6)
Scrolls
 g - 2 scrolls of magic mapping
 l - 3 scrolls of identify
 p - 5 scrolls of remove curse
 x - 2 scrolls of teleportation
 z - 3 scrolls of blinking
 C - a scroll of fear
 F - 3 scrolls of fog
 I - a scroll of enchant armour
 K - a scroll of vulnerability
Jewellery
 f - a ring of protection from magic (left hand)
 u - a ring of poison resistance (right hand)
 D - an uncursed ring of sustain abilities
 H - an amulet of resist mutation (around neck)
Potions
 c - 2 potions of magic
 d - 3 potions of restore abilities
 h - 4 potions of brilliance
 j - 11 potions of curing
 m - 4 potions of heal wounds
 q - a potion of haste
 s - 2 potions of agility
 G - a potion of might
 J - a potion of resistance
Books
 E - Sif Muna's Tome of Dominance
   (Sif Muna gifted it to you on level 4 of the Snake Pit)

   Spells                             Type                      Level
   Sting                              Conjuration/Poison           1
   Shock                              Conjuration/Air              1
   Throw Flame                        Conjuration/Fire             2
   Summon Ice Beast                   Ice/Summoning                4
   Summon Forest                      Summoning/Translocation      5
   Orb of Destruction                 Conjuration                  7


   Skills:
 - Level 8.6 Fighting
 - Level 6.2 Short Blades
 - Level 14.0 Dodging
 - Level 3.0 Stealth
 - Level 13.0 Spellcasting
 - Level 4.4 Conjurations
 - Level 4.5 Charms
 + Level 15.4 Translocations
 - Level 1.3 Transmutations
 * Level 15.3 Earth Magic


You had 2 spell levels left.
You knew the following spells:

 Your Spells              Type           Power        Failure   Level  Hunger
a - Repel Missiles        Chrm/Air       ####..       2%          2    None
b - Stoneskin             Trmt/Erth      ######....   1%          2    None
c - Stone Arrow           Conj/Erth      ######       1%          3    None
d - Controlled Blink      Tloc           N/A          8%          7    ######.
e - Animate Skeleton      Necr           N/A          4%          1    None
f - Lee's Rapid Deconstr  Erth           ######....   1%          5    ##.....
g - Control Teleport      Chrm/Tloc      ######....   1%          4    None
h - Phase Shift           Tloc           ######....   1%          5    ##.....
i - Apportation           Tloc           ######....   0%          1    None
j - Flight                Chrm/Air       ####......   6%          3    None
k - Warp Weapon           Chrm/Tloc      ######....   1%          5    ##.....


Dungeon Overview and Level Annotations

Branches:
Dungeon (13/15)            Temple (0/1) D:5             Orc (4/4) D:9
    Elf (0/3) Orc:4          Lair (8/8) D:9           Swamp (0/5) Lair:4
  Snake (4/5) Lair:5        Slime (0/6) Lair:8
 Vaults: D:13-14

Altars:
Cheibriados
Dithmenos
Fedhas
Kikubaaqudgha
Okawaru
Sif Muna
Trog
Vehumet
Zin
The Shining One
Jiyva

Shops:
D:4 *[?=   D:7 }   D:13 ?   Orc:2 %   Orc:3 =   Orc:4 (((*   Snake:4 *

Annotations:
D:4 Sigmund
Lair:8 exclusion: oklob plant


Innate Abilities, Weirdness & Mutations

You are tiny and cannot use many weapons and most armour.
You have supernaturally acute eyesight.
You are a herbivore.
You cover ground extremely quickly.
You need consume almost no food.
You passively map a small area around you.
Your muscles are strong. (Str +2)


Message History

The greater naga is severely wounded.
You are firmly grounded in the material plane once more.
Things that are here:
a trident; a robe
Things that are here:
a halberd; a war axe; a robe You start resting.
Casting: Stone Arrow
Confirm with . or Enter, or press ? or * to list all spells.
Aiming: Lee's Rapid Deconstruction
Press: ? - help, Dir - move target cursor, p - greater naga The wall shatters!
The blast of rock fragments hits the greater naga.
The greater naga is severely wounded.
The greater naga casts a spell at you. The orb of energy hits you!
* * * LOW HITPOINT WARNING * * *
The greater naga points at you and mumbles some strange words.
The bolt of poison hits you! You resist.
You die...

#...#N########.######.#######N#
#.#.#.).......()......).......#
#.#.###.#############(.########
#.#.# ### ##### #).# #.#.#
#<..# #.## #.#.#########.# #)#
#..........)..# #.#
###.################.N#
#............@......#
#####################


You could see a greater naga.

Vanquished Creatures
  Rupert (Snake:2)
  An orc warlord (Orc:3)
  The ghost of sprout the Imperceptible, a powerful SpEn of Okawaru (Snake:1)
  7 naga warriors
  Nessos (Orc:4)
  5 hydras
  An ogre mage (Volcano)
  3 anacondas
  9 death yaks
  A shock serpent (Snake:3)
  3 naga sharpshooters
  Urug (D:10)
  3 catoblepae (Lair:8)
  4 naga ritualists
  2 hill giants
  2 orc knights (Orc:4)
  8 mana vipers
  Joseph (Orc:1)
  An orc sorcerer (Orc:1)
  A wolf spider zombie (D:12)
  A griffon (Lair:5)
  A manticore (D:13)
  2 guardian serpents
  17 naga magi
  6 salamanders
  2 molten gargoyles (Volcano)
  19 black mambas
  16 spiny frogs
  A kobold demonologist (D:11)
  A centaur skeleton (D:11)
  2 trolls (D:9)
  5 komodo dragons
  4 two-headed ogres
  A hydra skeleton (D:13)
  Prince Ribbit (Orc:1)
  7 slime creatures
  3 basilisks
  A boulder beetle (Lair:4)
  12 blink frogs
  12 ugly things
  31 yaks
  5 wyverns
  A deep elf mage (D:10)
  3 hungry ghosts
  A human (D:10)
  A fire bat (Volcano)
  An elephant slug (Lair:8)
  2 sharks (Lair:1)
  A deep elf fighter (D:9)
  Grum (D:9)
  6 hippogriffs
  A warg (Orc:4)
  3 necrophages
  Edmund (D:8)
  A hog (D:10)
  22 nagas
  26 water moccasins
  10 porcupines
  11 wolves
  6 ice beasts
  31 orc warriors
  3 phantoms
  A black bear (D:9)
  11 ogres
  6 sky beasts
  A giant goldfish (Lair:4)
  19 centaurs
  13 crocodiles
  2 lava worms (Volcano)
  Duvessa (D:7)
  7 giant slugs
  A big kobold (D:10)
  17 giant frogs
  A gnoll sergeant (D:10)
  4 scorpions
  A troll zombie (D:11)
  13 wights
  13 killer bees
  A yak zombie (D:7)
  3 electric eels
  Dowan (D:7)
  5 crimson imps
  2 quasits
  2 centaur zombies
  12 hounds
  6 jellies
  A goliath beetle (D:12)
  A lava snake (Volcano)
  16 orc priests
  A big fish (Lair:1)
  A gnoll shaman (D:6)
  12 iguanas
  A two-headed ogre skeleton (D:8)
  24 orc wizards
  43 sheep
  A sky beast zombie (D:6)
  10 worker ants
  Ijyb (D:3)
  Jessica (D:3)
  A worker ant zombie (D:6)
  2 orc zombies
  102 green rats
  28 adders
  12 gnolls
  4 shadow imps
  3 orc skeletons
  2 giant mites
  7 worms
  An iguana skeleton (D:6)
  An adder skeleton (D:8)
  2 giant eyeballs
  12 giant geckos
  An ooze (D:1)
  124 orcs
  32 bats
  7 giant cockroaches
  24 hobgoblins
  35 jackals
  17 quokkas
  A ball python (D:4)
  7 giant newts
  14 goblins
  23 kobolds
  32 rats
  A rat zombie (D:7)
  5 fungi
  A plant (Lair:8)
1095 creatures vanquished.

Vanquished Creatures (others)
  A water moccasin skeleton (D:10)
  An orc priest (Orc:4)
  An orc wizard (Orc:4)
  4 orcs
  3 orc skeletons (D:4)
  A quokka skeleton (D:5)
  3 bushes (Lair:8)
  53 fungi
  13 plants
  4 toadstools (D:1)
84 creatures vanquished.

Grand Total: 1179 creatures vanquished

Notes
Turn   | Place    | Note
--------------------------------------------------------------
     0 | D:1      | HenryFlower, the Spriggan Earth Elementalist, began the quest for the Orb.
     0 | D:1      | Reached XP level 1. HP: 9/9 MP: 4/4
   246 | D:1      | Reached XP level 2. HP: 11/13 MP: 0/7
   349 | D:1      | Learned a level 2 spell: Stoneskin
  1316 | D:2      | Reached XP level 3. HP: 16/16 MP: 6/9
  1347 | D:2      | Learned a level 3 spell: Stone Arrow
  1363 | D:2      | Reached skill level 4 in Earth Magic
  1730 | D:2      | Reached XP level 4. HP: 21/21 MP: 9/12
  2091 | D:2      | Found a shadowy altar of Dithmenos.
  2285 | D:3      | Found a glowing golden altar of the Shining One.
  2311 | D:3      | Noticed Ijyb
  2313 | D:3      | Killed Ijyb
  2470 | D:3      | Reached skill level 5 in Earth Magic
  2607 | D:3      | Noticed Jessica
  2617 | D:3      | Killed Jessica
  2617 | D:3      | Reached XP level 5. HP: 21/24 MP: 7/14
  3104 | D:3      | Found a deep blue altar of Sif Muna.
  3108 | D:3      | Identified Sif Muna's Disquisition on Conjuration
  3110 | D:3      | Became a worshipper of Sif Muna the Loreminder
  3115 | D:3      | Found a radiant altar of Vehumet.
  3119 | D:3      | Identified Vehumet's Guide on Combat Magic
  3124 | D:3      | Learned a level 1 spell: Magic Dart
  3127 | D:3      | Found an ancient bone altar of Kikubaaqudgha.
  3131 | D:3      | Identified Kikubaaqudgha's Incunabulum of Unholy Secrets
  3134 | D:3      | Learned a level 1 spell: Animate Skeleton
  3513 | D:4      | Noticed an ogre
  3533 | D:4      | Killed an ogre
  3533 | D:4      | Reached skill level 6 in Earth Magic
  3533 | D:4      | Reached XP level 6. HP: 28/28 MP: 12/17
  3602 | D:4      | Found Aremp's Jewellery Boutique.
  3610 | D:4      | Bought an uncursed amulet of inaccuracy for 28 gold pieces
  3610 | D:4      | Bought a cursed ring of hunger for 28 gold pieces
  3800 | D:4      | Noticed Sigmund
  3832 | D:4      | Found Ulitwunk's Armour Shoppe.
  3836 | D:4      | Bought a +2 cloak for 174 gold pieces
  3863 | D:4      | Paralysed by a giant eyeball for 4 turns
  4167 | D:4      | Found Uhaapt's Assorted Antiques.
  4201 | D:4      | Found Ownex's Magic Scroll Boutique.
  4607 | D:4      | Acquired Sif Muna's first power
  4614 | D:4      | Reached skill level 1 in Conjurations
  4876 | D:4      | Noticed a sky beast
  4880 | D:4      | Killed a sky beast
  4880 | D:4      | Reached XP level 7. HP: 32/32 MP: 14/19
  5030 | D:4      | Noticed a phantom
  5043 | D:4      | Killed a phantom
  5043 | D:4      | Reached skill level 7 in Earth Magic
  5207 | D:5      | Entered Level 5 of the Dungeon
  5322 | D:5      | Acquired Sif Muna's second power
  5397 | D:5      | Found a staircase to the Ecumenical Temple.
  5417 | D:5      | Reached XP level 8. HP: 36/36 MP: 16/20
  5714 | D:5      | Found a blossoming altar of Fedhas.
  5937 | D:5      | Reached skill level 8 in Earth Magic
  7652 | D:6      | Found a bloodstained altar of Trog.
  7798 | D:6      | Reached skill level 9 in Earth Magic
  8332 | D:6      | Reached XP level 9. HP: 39/39 MP: 20/24
  8381 | D:6      | Reached skill level 5 in Spellcasting
  8681 | D:6      | Learned a level 5 spell: Lee's Rapid Deconstruction
  9033 | D:7      | Acquired Sif Muna's third power
  9084 | D:7      | Found Qoiwin's Gadget Shoppe.
  9418 | D:7      | Noticed Duvessa
  9419 | D:7      | Noticed Dowan
  9425 | D:7      | Killed Duvessa
  9426 | D:7      | Killed Dowan
  9427 | D:7      | Reached skill level 10 in Earth Magic
  9925 | D:7      | Found a snail-covered altar of Cheibriados.
 10818 | D:8      | Noticed Edmund
 10843 | D:8      | Killed Edmund
 10843 | D:8      | Reached XP level 10. HP: 29/44 MP: 7/29
 11439 | D:8      | Learned a level 4 spell: Control Teleport
 11514 | D:9      | Reached skill level 1 in Translocations
 11627 | D:9      | Got a crude short sword
 11628 | D:9      | Identified the +11,+2 short sword of Coamoanu {speed, -Cast +Rage rElec} (You found it on level 9 of the Dungeon)
 11687 | D:9      | Reached skill level 1 in Fighting
 11688 | D:9      | Noticed Grum
 11698 | D:9      | Killed Grum
 11900 | D:9      | Found a staircase to the Orcish Mines.
 12083 | D:9      | Reached skill level 5 in Dodging
 13007 | D:9      | Found an iron altar of Okawaru.
 13086 | D:9      | Found a staircase to the Lair.
 13181 | Lair:1   | Entered Level 1 of the Lair of Beasts
 13225 | Lair:1   | Reached skill level 5 in Translocations
 13992 | Lair:1   | Received a gift from Sif Muna
 13993 | Lair:1   | Identified Sif Muna's Tome of Destructive Earth (Sif Muna gifted it to you on level 1 of the Lair of Beasts)
 14030 | Lair:1   | Reached XP level 11. HP: 37/53 MP: 2/31
 15251 | Lair:1   | Learned a level 5 spell: Phase Shift
 15357 | Lair:2   | Reached skill level 11 in Earth Magic
 15898 | Lair:2   | Reached skill level 5 in Fighting
 17605 | D:10     | Entered Level 10 of the Dungeon
 17617 | D:10     | Noticed Urug
 18398 | D:10     | Reached skill level 10 in Dodging
 18467 | D:10     | Killed Urug
 19508 | D:10     | Reached XP level 12. HP: 52/61 MP: 15/33
 20304 | Lair:2   | Reached skill level 10 in Spellcasting
 21851 | Lair:3   | Gained mutation: You passively map a small area around you. [potion of beneficial mutation]
 22112 | Lair:4   | Found a staircase to the Swamp.
 22216 | Lair:4   | Found a dark tunnel.
 22225 | Volcano  | Entered a volcano
 22407 | Volcano  | Received a gift from Sif Muna
 22530 | Volcano  | Found a burning altar of Makhleb.
 22535 | Volcano  | Reached skill level 12 in Earth Magic
 23426 | Lair:4   | Found a glowing silver altar of Zin.
 23575 | Lair:4   | Noticed a five-headed hydra
 24216 | Lair:4   | Killed a five-headed hydra
 25201 | Lair:5   | Found a staircase to the Snake Pit.
 25269 | Lair:5   | Noticed a six-headed hydra
 25279 | Lair:5   | Killed a six-headed hydra
 25279 | Lair:5   | Reached XP level 13. HP: 67/67 MP: 14/35
 27790 | Lair:7   | Reached skill level 13 in Dodging
 28162 | Lair:7   | Got a transparent robe
 28168 | Lair:7   | Identified the +2 robe of Xeanlusm {Dex+1 Dam+4 Curse} (You found it on level 7 of the Lair of Beasts)
 28287 | Lair:7   | Identified a scroll of acquirement
 28288 | Lair:7   | Got a polished hat
 28291 | Lair:7   | Identified the +4 hat of Trepny {+Rage} (You acquired it on level 7 of the Lair of Beasts)
 28810 | Lair:8   | Entered Level 8 of the Lair of Beasts
 28828 | Lair:8   | Found a viscous altar of Jiyva.
 28828 | Lair:8   | Found a staircase to the Slime Pits.
 31112 | Lair:8   | Received a gift from Sif Muna
 31112 | Lair:8   | Reached skill level 14 in Dodging
 31113 | Lair:8   | Identified Sif Muna's Volume of the Compass (Sif Muna gifted it to you on level 8 of the Lair of Beasts)
 31116 | Lair:8   | Learned a level 1 spell: Apportation
 32346 | Lair:8   | Reached skill level 5 in Short Blades
 33051 | Lair:8   | Reached XP level 14. HP: 74/74 MP: 6/36
 33356 | Orc:1    | Entered Level 1 of the Orcish Mines
 33381 | Orc:1    | Noticed Prince Ribbit
 33395 | Orc:1    | Killed Prince Ribbit
 33480 | Orc:1    | Noticed Joseph
 33490 | Orc:1    | Killed Joseph
 33613 | Orc:2    | Found Ezuriat's Food Emporium.
 34423 | Orc:3    | Found Qudegublo's Jewellery Shoppe.
 34954 | Orc:4    | Entered Level 4 of the Orcish Mines
 35110 | Orc:4    | Noticed an orc warlord
 35158 | Orc:3    | Killed an orc warlord
 35158 | Orc:3    | Reached skill level 10 in Translocations
 35345 | Orc:4    | Noticed Nessos
 35388 | Orc:4    | Killed Nessos
 35847 | Orc:4    | Found a staircase to the Elven Halls.
 37203 | Orc:4    | Found Gumpat Puot's Weapon Emporium.
 37203 | Orc:4    | Found Otabb's Antique Weapon Boutique.
 37206 | Orc:4    | Found Xuarripn's Weapon Shop.
 37208 | Orc:4    | Found Bles Onahae's Assorted Antiques.
 37222 | Orc:4    | Bought a papyrus book for 555 gold pieces
 37222 | Orc:4    | Bought a potion of beneficial mutation for 1295 gold pieces
 37222 | Orc:4    | Bought a scroll labeled PSUGAE TIJEIV for 37 gold pieces
 37224 | Orc:4    | Gained mutation: Your muscles are strong. (Str +2) [potion of beneficial mutation]
 37229 | Orc:4    | Learned a level 3 spell: Flight
 37379 | D:11     | Reached skill level 1 in Charms
 37414 | D:11     | HP: 3/74 [something/ball of steam[a kobold demonologist] (19)]
 38620 | D:12     | Learned a level 2 spell: Repel Missiles
 38944 | D:12     | Received a gift from Sif Muna
 38948 | D:12     | Identified Sif Muna's Volume of the Traveller and Shape Shifting (Sif Muna gifted it to you on level 12 of the Dungeon)
 39641 | Lair:1   | Learned a level 5 spell: Warp Weapon
 40803 | D:13     | Found Jiubouk's Magic Scroll Boutique.
 41381 | Snake:1  | Entered Level 1 of the Snake Pit
 41452 | Snake:1  | Noticed sprout's ghost (powerful SpEn)
 41471 | Snake:1  | Killed sprout's ghost
 43757 | Lair:1   | Learned a level 7 spell: Controlled Blink
 44081 | Snake:2  | Noticed Rupert
 44141 | Snake:2  | Killed Rupert
 44193 | Snake:2  | Reached XP level 15. HP: 76/78 MP: 14/37
 45127 | Snake:2  | Received a gift from Sif Muna
 45128 | Snake:2  | Identified Zuludygg's Compendium of Boosting Combat Magic (Sif Muna gifted it to you on level 2 of the Snake Pit)
 47296 | Snake:3  | Reached skill level 15 in Earth Magic
 47443 | Snake:3  | Reached skill level 15 in Translocations
 48593 | Snake:4  | Received a gift from Sif Muna
 48601 | Snake:4  | Identified Sif Muna's Tome of Dominance (Sif Muna gifted it to you on level 4 of the Snake Pit)
 49321 | Snake:4  | Found Vuag Kupuxt's Assorted Antiques.
 49386 | Snake:4  | Killed from afar by a greater naga

Action                   |  1- 3 |  4- 6 |  7- 9 | 10-12 | 13-15 || total
-------------------------+-------+-------+-------+-------+-------++-------
Melee: Unarmed           |    10 |       |     1 |       |       ||    11
       Staff             |       |       |       |   101 |    71 ||   172
       Quick blade       |       |       |       |       |   953 ||   953
 Cast: Sandblast         |    84 |   181 |   181 |    22 |       ||   468
       Stoneskin         |     1 |       |     1 |     6 |    22 ||    30
       Animate Skeleton  |       |     3 |     1 |     1 |       ||     5
       Stone Arrow       |       |       |    90 |   534 |   535 ||  1159
       Magic Dart        |       |       |     2 |       |       ||     2
       Lee's Rapid Decon |       |       |    14 |    65 |   225 ||   304
       Phase Shift       |       |       |       |     4 |    27 ||    31
       Control Teleport  |       |       |       |     2 |     1 ||     3
       Repel Missiles    |       |       |       |       |     1 ||     1
       Warp Weapon       |       |       |       |       |     1 ||     1
Evoke: Wand              |       |     2 |     1 |     5 |     7 ||    15
  Use: Scroll            |       |       |    22 |    12 |    20 ||    54
       Potion            |       |       |     1 |     3 |     8 ||    12
 Stab: Sleeping          |       |       |       |     2 |     6 ||     8
